 Dungeon Crawl Stone Soup version 0.14-a0-1719-ga7e7698 (webtiles) character file.

439 Psiweapon the Sneak (level 6, -7/42 HPs)
             Began as an Octopode Monk on Jan 1, 2014.
             Impaled on a porcupine's spines (11 damage)
             ... on Level 3 of the Dungeon.
             The game lasted 00:12:43 (2137 turns).

Psiweapon the Sneak (Octopode Monk)                 Turns: 2137, Time: 00:12:43

HP  -7/42        AC  1     Str 12      XL: 6   Next: 57%
MP  15/15        EV 15     Int 13      God:
Gold 96          SH 18     Dex 14      Spells:  0 memorised,  5 levels left

rFire  . . .     SeeInvis .       - Unarmed
rCold  . . .     Clarity  .     w - +1 dwarf shield
rNeg   . . .     Conserve .     (helmet restricted)
rPois  .         rCorr    .     (no amulet)
rElec  .         rRot     .     q - ring of sustain abilities
SustAb + .       Spirit   .     u - ring of protection from magic
rMut   .         Warding  .     g - ring of magical power
Saprov . . .     Stasis   .     t - +4 ring of evasion
                                (no ring)
                                (no ring)
                                (no ring)
                                (no ring)

@: somewhat resistant to hostile enchantments, very stealthy
A: almost no armour, amphibious, 8 rings, constrict 8, camouflage 1, gelatinous
body 1
a: no special abilities


You were on level 3 of the Dungeon.
You were not hungry.

You visited 1 branch of the dungeon, and saw 4 of its levels.

You collected 96 gold pieces.

Inventory:

Hand weapons
 o - a +1,+1 dagger of venom
 y - a +0,+0 sling
Missiles
 a - 17 darts (quivered)
 m - 6 poisoned needles
 D - 29 stones
Armour
 w - a +1 dwarven shield (worn)
Magical devices
 c - a wand of polymorph (6)
Comestibles
 b - 5 bread rations
 h - a pear
 l - a banana
 p - a meat ration
 r - an apricot
 v - a chunk of adder flesh
 x - a chunk of rat flesh
 A - a honeycomb
Scrolls
 d - 2 scrolls of teleportation {unknown}
 e - a scroll of amnesia
 i - a scroll of curse armour {unknown}
 j - a scroll of enchant armour {unknown}
 k - a scroll of noise
 n - a scroll of identify
 s - a scroll of fear {unknown}
Jewellery
 g - a ring of magical power (on tentacle)
 q - a ring of sustain abilities (left tentacle)
 t - a +4 ring of evasion (on tentacle)
 u - a ring of protection from magic (right tentacle)
Potions
 f - 2 potions of curing
 z - a potion of might {unknown}


   Skills:
 - Level 3.0 Fighting
 + Level 4.2 Dodging
 + Level 5.8 Stealth
 + Level 2.1 Shields
 + Level 5.3 Unarmed Combat


You had 5 spell levels left.
You didn't know any spells.

Dungeon Overview and Level Annotations

Branches:
Dungeon (4/16)
 Temple: D:4-7

Altars:
Elyvilon
Sif Muna


Innate Abilities, Weirdness & Mutations

You cannot wear most types of armour.
You are amphibious.
You can wear up to eight rings at the same time.
You can use your tentacles to constrict many enemies at once.
Your skin changes colour to match your surroundings (Stlth).
Your rubbery body absorbs attacks (AC +1).


Message History

You closely miss the porcupine.
The porcupine is heavily wounded.
The porcupine misses you.
You are struck by the porcupine's spines.
You hit the porcupine.
The porcupine is severely wounded.
The porcupine bites you.
You are struck by the porcupine's spines.
* * * LOW HITPOINT WARNING * * *
You closely miss the porcupine. Your squeeze misses the porcupine.
The porcupine is severely wounded.
The porcupine barely misses you.
You are struck by the porcupine's spines.
* * * LOW HITPOINT WARNING * * *
You hit the porcupine but do no damage.
The porcupine is severely wounded.
The porcupine bites you.
* * * LOW HITPOINT WARNING * * *
You are struck by the porcupine's spines.
You die...

#. # # ##.# # ..
#..o # .# ... # .#
#.# oo ##.##.#.# #(
......#.######.####
..............or@.#
..#####.######.##.#
..# #.# #. #%# ..#
#.# #. #.#
..#####.######. #.#
............##. #.#
...####.###.##.##.#
.<.# #.# #.##....#
...# #[# #.##..###


You could see a porcupine and an orc.

Vanquished Creatures
  Grinder (D:3)
  Terence (D:3)
  5 adders
  A giant mite (D:2)
  A giant gecko (D:1)
  4 orcs
  A giant cockroach (D:3)
  6 goblins
  7 hobgoblins
  2 jackals (D:2)
  A quokka (D:3)
  5 bats
  A giant newt (D:3)
  5 kobolds
  6 rats
47 creatures vanquished.

Vanquished Creatures (others)
  A jackal (D:2)
1 creature vanquished.

Grand Total: 48 creatures vanquished

Notes
Turn   | Place    | Note
--------------------------------------------------------------
     0 | D:1      | Psiweapon, the Octopode Monk, began the quest for the Orb.
     0 | D:1      | Reached XP level 1. HP: 16/16 MP: 1/1
   349 | D:1      | Reached XP level 2. HP: 21/21 MP: 2/2
   863 | D:2      | Found a white marble altar of Elyvilon.
   865 | D:2      | Noticed a big fish
   925 | D:2      | Reached XP level 3. HP: 11/26 MP: 3/3
  1390 | D:2      | Reached XP level 4. HP: 31/31 MP: 4/4
  1468 | D:3      | Noticed Terence
  1477 | D:3      | Killed Terence
  1915 | D:3      | Found a deep blue altar of Sif Muna.
  2053 | D:3      | Noticed Grinder
  2064 | D:3      | Paralysed by Grinder for 2 turns
  2067 | D:3      | Killed Grinder
  2067 | D:3      | Reached skill level 5 in Stealth
  2067 | D:3      | Reached skill level 5 in Unarmed Combat
  2067 | D:3      | Reached XP level 5. HP: 36/36 MP: 5/5
  2067 | D:3      | Reached XP level 6. HP: 42/42 MP: 6/6
  2131 | D:3      | Noticed a porcupine
  2137 | D:3      | Impaled on a porcupine's spines

Action                   |  1- 3 |  4- 6 || total
-------------------------+-------+-------++-------
Melee: Unarmed           |    62 |    67 ||   129
 Fire: Sling             |       |     1 ||     1
Throw: Dart              |    16 |     5 ||    21
Evoke: Wand              |       |     1 ||     1
  Use: Scroll            |     5 |       ||     5
       Potion            |     3 |       ||     3
 Stab: Sleeping          |     1 |     6 ||     7
